 Dungeon Crawl Stone Soup version 0.23.0 (webtiles) character file.

Game seed: 16790521730897660051

1090 Borgoz the Ruffian (level 8, -2/71 HPs)
             Began as a Ghoul Gladiator on Feb 16, 2019.
             Was an Initiate of Makhleb.
             Slain by an adder (3 damage)
             ... on level 6 of the Dungeon.
             The game lasted 00:07:30 (4649 turns).

Borgoz the Ruffian (Ghoul Gladiator)                Turns: 4649, Time: 00:07:31

Health: -2/71      AC:  4    Str: 17 (18) XL:     8   Next: 31%
Magic:  7/7        EV: 14    Int:  7 (8)  God:    Makhleb [......]
Gold:   349        SH:  0    Dex: 11 (12) Spells: 7/7 levels left

rFire    . . .     SeeInvis .     - Unarmed
rCold    + . .     Gourm    .   (no shield)
rNeg     + + +     Faith    .   a - +0 leather armour
rPois    ∞         Spirit   .   f - +1 hat
rElec    .         Reflect  .   (no cloak)
rCorr    .         Harm     .   (no gloves)
MR       .....                  (no boots)
Stlth    +.........             (no amulet)
HPRegen  0.00/turn              (no ring)
MPRegen  0.10/turn              (no ring)

@: brilliant, rotting
A: rotting body, claws 1, carnivore, cold resistance 1, negative energy
resistance 3, inhibited regeneration, torment resistance, unbreathing
a: Renounce Religion


You were on level 6 of the Dungeon.
You worshipped Makhleb.
Makhleb was noncommittal.
You were not hungry.

You visited 2 branches of the dungeon, and saw 8 of its levels.

You collected 349 gold pieces.

Inventory:

Hand Weapons
 t - the +9 dagger of the Evening {holy, rElec rPois Str-2, unknown}
   (You found it on level 4 of the Dungeon)

   It has been blessed by the Shining One to cause great damage to the undead
   and demons.
   It affects your strength (-2).
   It insulates you from electricity.
   It protects you from poison.
 y - a +0 dagger of chaos
Missiles
 c - 3 throwing nets (quivered)
Armour
 a - a +0 leather armour (worn)
 b - a +0 helmet
 f - a +1 hat (worn)
Wands
 m - a wand of disintegration (18)
Scrolls
 e - 2 scrolls of enchant armour {unknown}
 g - 2 scrolls of identify {unknown}
 h - 4 scrolls of magic mapping {unknown}
 j - 6 scrolls of remove curse
 l - a scroll of blinking {unknown}
 n - a scroll of enchant weapon {unknown}
 u - a scroll of fog {unknown}
 v - a scroll of fear {unknown}
 w - 4 scrolls of teleportation {unknown}
 x - a scroll of random uselessness {unknown}
Potions
 i - a potion of curing
 k - a potion of lignification
 o - a potion of brilliance
 p - a potion of degeneration
 q - a potion of heal wounds {unknown}
 r - a potion of berserk rage {unknown}
 s - a potion of cancellation {unknown}
Comestibles
 d - 8 rations
 z - 2 chunks of flesh


   Skills:
 + Level 6.4 Fighting
 - Level 1.7 Throwing
 + Level 5.6 Dodging
 + Level 6.8 Unarmed Combat


You had 7 spell levels left.
You didn't know any spells.
Your spell library was empty.

Dungeon Overview and Level Annotations

Branches:
Dungeon (7/15)             Temple (1/1) D:4

Altars:
Ashenzari
Cheibriados
Dithmenos
Elyvilon
Gozag
Kikubaaqudgha
Makhleb
Nemelex Xobeh
Qazlal
Ru
Sif Muna
Trog
Uskayaw
Vehumet
Wu Jian
Xom
Yredelemnul
Zin
The Shining One

Annotations:
D:6 Sigmund
D:7 Joseph


Innate Abilities, Weirdness & Mutations

Your body is rotting away.
You thrive on raw meat.
You are immune to poison.
You have sharp fingernails.
You are carnivorous and can eat meat at any time.
Your flesh is cold resistant. (rC+)
You are immune to negative energy. (rN+++)
You do not regenerate when monsters are visible.
You are immune to unholy pain and torment.
You can survive without breathing.


Message History

* * * LOW HITPOINT WARNING * * *
The hound bites you but does no damage.
The killer bee zombie barely misses you.
The worker ant barely misses you.
It was a potion of brilliance.
You feel clever all of a sudden. The killer bee zombie misses you.
The hound barely misses you. The adder barely misses you.
The killer bee zombie closely misses you.
Sigmund hits you from afar with a +0 scythe!
* * * LOW HITPOINT WARNING * * *
The hound bites you.
* * * LOW HITPOINT WARNING * * *
The worker ant closely misses you. The adder closely misses you.
It was a potion of degeneration.
There was something very wrong with that liquid.
You feel weakened.
You feel dopey.
You feel clumsy.
The killer bee zombie closely misses you.
The hound completely misses you. The adder bites you.
You die...

....#.....[.#..............
#.....#..##..##[..###'####..
#....###.##..##...###...##
.....###..........#......#
....###..........#......+
............[...'......#
#####....##...##5@####..##
#...##........##h.####..###+###.
#....'..÷#.#..#@ah..#....5......
#....#........#ZS...#......5....
#....#...#.#..#h....#....%......
#....#........#.....#...........
#....#....#.(.#.....#...........
#....#....#...#.....#...........
#'##############....####+##.##..
##..###..## ....# .# ##
.....#....#


You could see Sigmund, a hound, a worker ant, an adder, a shadow imp, a killer
bee zombie and 2 jackals.

Vanquished Creatures
  Edmund (D:4)
  An ice beast (D:4)
  A sky beast (D:4)
  2 ogres
  A howler monkey (D:4)
  3 crimson imps
  A hound (D:5)
  A bullfrog zombie (D:5)
  3 orc wizards
  3 worker ants
  A gnoll (D:1)
  10 adders
  A shadow imp (D:6)
  An ooze (D:4)
  2 adder skeletons (D:4)
  4 worms
  4 dart slugs
  3 leopard geckos
  18 orcs
  A ball python (D:2)
  9 giant cockroaches
  5 goblins
  8 hobgoblins
  7 jackals
  A quokka (D:4)
  8 bats
  4 frilled lizards
  9 kobolds
  A leopard gecko skeleton (D:4)
  2 quokka skeletons
  8 rats
124 creatures vanquished.

Notes
Turn   | Place    | Note
-------+----------+-------------------------------------------
     0 | D:1      | Borgoz the Ghoul Gladiator began the quest for the Orb.
     0 | D:1      | Reached XP level 1. HP: 17/17 MP: 0/0
    64 | D:1      | Reached XP level 2. HP: 25/25 MP: 1/1
   209 | D:1      | Reached XP level 3. HP: 21/30 MP: 2/2
   571 | D:2      | Reached XP level 4. HP: 17/38 MP: 3/3
  1079 | D:2      | Found a glowing golden altar of the Shining One.
  1099 | D:2      | Found a sparkling altar of Nemelex Xobeh.
  1100 | D:2      | Found an opulent altar of Gozag.
  1164 | D:2      | Reached XP level 5. HP: 43/45 MP: 4/4
  2305 | D:4      | Reached XP level 6. HP: 52/52 MP: 5/5
  2375 | D:4      | Reached skill level 5 in Unarmed Combat
  2768 | D:4      | Noticed an ice beast
  2787 | D:4      | Killed an ice beast
  2787 | D:4      | Reached skill level 5 in Fighting
  2787 | D:4      | Reached XP level 7. HP: 35/61 MP: 6/6
  2810 | D:4      | Got an ancient dagger
  2840 | D:4      | Noticed Edmund
  2868 | D:4      | Killed Edmund
  3021 | D:4      | Found a staircase to the Ecumenical Temple.
  3044 | Temple   | Entered the Ecumenical Temple
  3400 | D:5      | Entered Level 5 of the Dungeon
  3443 | D:4      | Reached skill level 5 in Dodging
  3673 | D:4      | Reached XP level 8. HP: 43/70 MP: 7/7
  3835 | D:5      | Found a burning altar of Makhleb.
  3836 | D:5      | Found a shimmering altar of Xom.
  4078 | D:5      | Found a stormy altar of Qazlal.
  4451 | D:5      | Became a worshipper of Makhleb the Destroyer
  4472 | D:6      | Found an ancient bone altar of Kikubaaqudgha.
  4567 | D:6      | Found a shattered altar of Ashenzari.
  4587 | D:6      | Noticed Sigmund
  4640 | D:7      | Noticed Joseph
  4648 | D:6      | HP: 1/71 [hound (3)]
  4649 | D:6      | Slain by an adder

Skill      XL: |  1  2  3  4  5  6  7  8 |
---------------+-------------------------+-----
Dodging        | 3 4 5 |  5.6
Fighting       | 3 4 5 6 |  6.4
Unarmed Combat | 4 5 6 |  6.8
Throwing       | |  1.7

Action                   |  1- 3 |  4- 6 |  7- 9 || total
-------------------------+-------+-------+-------++-------
Melee: Unarmed           |    72 |   240 |   148 ||   460
       Punch             |     2 |     2 |     1 ||     5
  Use: Potion            |       |       |     4 ||     4
       Scroll            |       |       |     1 ||     1
  Eat: Chunk             |     6 |    16 |    22 ||    44
Armor: Leather armour    |    24 |    44 |    39 ||   107
Dodge: Dodged            |    32 |   147 |   136 ||   315
